Map: Eternal Empire LE

Players

DnS

  • Race: Protoss Protoss
  • Spawn Location: 7:00

HellraiseR - Winner!

  • Race: Protoss Protoss
  • League: Master
  • Spawn Location: 1:00

Event: DreamHack SC2 Masters 2020 Fall

VOD

Have the link to the VOD?

Description

Time

  • Played on: Sept. 1, 2020, 2:01 p.m.
  • Length: 20:54

All games in this series

Show
View Real Time Build Order
Export as new Build Order

DnS Protoss 

Build Orders: Oracle Opening 

Get SALT Encoding   

  12  0:00  Probe  
  13  0:12  Probe  
  14  0:18  Pylon  
  14  0:24  Probe (Chrono Boost)  
  15  0:36  Probe (Chrono Boost)  
  15  0:37  Gateway  
  16  0:45  Probe (Chrono Boost)  
  16  0:46  Assimilator  
  17  0:51  Probe  
  17  0:54  Assimilator  
  18  1:03  Probe (Chrono Boost)  
  19  1:07  Gateway  
  19  1:12  Probe (Chrono Boost)  
  19  1:17  Probe (Chrono Boost)  
  20  1:24  Cybernetics Core  
  21  1:29  Probe  
  22  1:37  Pylon  
  22  1:41  Probe  
  23  1:55  Probe  
  24  2:01  Stalker  
  24  2:02  Stalker  
  28  2:10  Stargate  
  28  2:13  Warp Gate  
  28  2:20  Pylon  
  28  2:33  Stalker  
  32  2:51  Oracle (Chrono Boost)  
  33  3:05  Nexus  
  33  3:10  Probe  
  34  3:20  Shield Battery  
  34  3:22  Probe  
  34  3:25  Twilight Council  
  35  3:34  Probe (Chrono Boost)  
  35  3:40  Pylon  
  36  3:46  Probe (Chrono Boost)  
  37  3:51  Probe (Chrono Boost)  
  38  4:00  Stalker x2  
  42  4:04  Blink  
  42  4:07  Probe  
  43  4:11  Shield Battery  
  43  4:18  Robotics Facility  
  43  4:22  Probe (Chrono Boost)  
  43  4:23  Probe (Chrono Boost)  
  45  4:32  Sentry  
  45  4:33  Probe x2 (Chrono Boost)  
  45  4:37  Probe (Chrono Boost)  
  45  4:38  Probe (Chrono Boost)  
  50  4:46  Stalker  
  45  5:02  Probe x2  
  45  5:08  Observer  
  45  5:09  Shield Battery  
  45  5:11  Stalker  
  48  5:14  Probe, Stalker  
  48  5:20  Probe  
  52  5:23  Assimilator  
  52  5:26  Probe  
  53  5:30  Immortal (Chrono Boost)  
  53  5:32  Probe  
  58  5:38  Probe  
  58  5:40  Pylon  
  59  5:45  Probe  
  59  5:47  Forge  
  60  5:51  Probe  
  60  5:55  Pylon  
  61  6:01  Probe  
  61  6:03  Probe  
  61  6:04  Sentry, Observer  
  65  6:11  Immortal (Chrono Boost)  
  65  6:13  Probe  
  65  6:16  Probe  
  71  6:21  Protoss Ground Weapons Level 1  
  71  6:32  Nexus  
  71  6:36  Probe  
  71  6:38  Probe, Pylon  
  73  6:48  Probe  
  73  6:50  Immortal  
  78  6:58  Probe  
  79  7:01  Assimilator  
  79  7:06  Sentry  
  79  7:07  Gateway, Charge  
  81  7:08  Gateway, Probe  
  81  7:13  Probe  
  83  7:17  Shield Battery, Pylon  
  83  7:23  Robotics Bay  
  83  7:25  Probe  
  83  7:29  Stalker  
  86  7:32  Pylon  
  86  7:38  Gateway  
  86  7:40  Gateway  
  86  7:42  Observer (Chrono Boost)  
  87  7:44  Probe  
  87  7:45  Probe  
  87  7:46  Probe  
  87  7:48  Sentry  
  92  7:52  Stalker  
  92  7:57  Shield Battery, Probe x2  
  96  8:00  Probe  
  97  8:07  Disruptor (Chrono Boost)  
  97  8:09  Probe x2  
  97  8:12  Probe  
  103  8:20  Stalker x2  
  103  8:21  Probe x2  
  103  8:25  Stalker x2  
  113  8:30  Photon Cannon  
  113  8:33  Stalker  
  115  8:34  Observer  
  115  8:40  Protoss Ground Weapons Level 2 (Chrono Boost)  
  115  8:45  Photon Cannon  
  115  8:53  Shield Battery  
  115  8:54  Assimilator  
  115  8:55  Assimilator  
  115  8:59  Probe  
  116  9:08  Probe  
  117  9:10  Pylon  
  117  9:11  Pylon  
  117  9:12  Pylon  
  117  9:21  Robotics Facility, Observer  
  117  9:28  Disruptor, Phoenix  
  117  9:29  Stalker x2  
  117  9:31  Stalker x4  
  130  9:33  Pylon  
  130  9:37  Dark Shrine  
  127  10:09  Disruptor (Chrono Boost)  
  127  10:11  Disruptor (Chrono Boost)  
  127  10:13  Stalker x2  
  127  10:14  Stalker  
  136  10:18  Pylon  
  136  10:19  Pylon  
  136  10:20  Zealot x2  
  140  10:23  Pylon  
  140  10:27  Probe  
  140  10:28  Probe x2  
  143  10:33  Nexus  
  143  10:35  Pylon  
  143  10:39  Disruptor, Photon Cannon  
  146  10:44  Disruptor  
  149  10:57  Stalker x6  
  159  11:05  Shadow Stride  
  159  11:09  Photon Cannon  
  159  11:11  Probe x3, Photon Cannon  
  159  11:12  Shield Battery  
  159  11:15  Disruptor, Pylon  
  165  11:23  Gravitic Boosters  
  165  11:34  Stalker x4  
  173  11:41  Photon Cannon  
  173  11:42  Photon Cannon  
  173  11:44  Photon Cannon  
  173  11:46  Unknown  
  173  11:48  Probe x4  
  173  11:53  Disruptor, Photon Cannon  
  181  11:54  Observer  
  175  12:06  Dark Templar x4  
  167  12:19  Observer  
  151  12:24  Stalker x2  
  151  12:26  Disruptor (Chrono Boost)  
  151  12:28  Disruptor (Chrono Boost)  
  154  12:33  Protoss Ground Weapons Level 3  
  154  12:36  Photon Cannon  
  157  12:37  Photon Cannon  
  157  12:41  Dark Templar  
  159  12:51  Gateway  
  159  12:53  Gateway  
  159  12:57  Disruptor  
  159  12:58  Disruptor  
  165  13:00  Dark Templar  
  165  13:02  Shield Battery  
  165  13:23  Dark Templar x2  
  165  13:24  Dark Templar x2, Nexus  
  173  13:34  Disruptor  
  173  13:35  Disruptor  
  175  13:42  Zealot, Dark Templar  
  178  13:53  Zealot x2  
  176  13:59  Stalker x2  
  176  14:00  Stalker x2  
  180  14:10  Disruptor x2  
  180  14:16  Dark Templar  
  180  14:17  Dark Templar  
  184  14:23  Dark Templar  
  174  14:24  Zealot x5  
  177  14:41  Nexus  
  177  14:46  Observer  
  177  14:47  Observer  
  177  14:49  Dark Templar x4  
  177  14:50  Zealot x3  
  193  14:56  Nexus  
  193  14:58  Pylon  
  193  14:59  Assimilator  
  167  15:04  Stalker  
  166  15:12  Assimilator  
  166  15:26  Stalker x7  
  180  15:32  Photon Cannon  
  180  15:34  Photon Cannon  
  180  15:35  Photon Cannon  
  176  15:36  Photon Cannon  
  176  15:38  Shield Battery  
  176  15:40  Pylon  
  176  15:41  Stalker  
  140  15:56  Stalker x7  
  154  15:59  Disruptor (Chrono Boost)  
  158  16:11  Disruptor (Chrono Boost)  
  149  16:24  Disruptor (Chrono Boost)  
  149  16:32  Stalker x7  
  157  16:33  Protoss Shields Level 1 (Chrono Boost), Stalker  
  157  16:36  Disruptor  
  168  16:55  Dark Templar  
  168  16:58  Disruptor  
  173  17:02  Nexus  
  173  17:04  Pylon  
  173  17:05  Dark Templar x2  
  176  17:16  Observer  
  172  17:27  Stalker x2  
  172  17:28  Stalker x4  
  184  17:32  Photon Cannon  
  184  17:33  Photon Cannon  
  184  17:40  Disruptor x2  
  184  17:58  Fleet Beacon  
  184  18:05  Observer  
  182  18:10  Stargate  
  174  18:17  Observer (Chrono Boost)  
  173  18:23  Stargate  
  171  18:27  Disruptor (Chrono Boost)  
  171  18:30  Zealot x4  
  171  18:31  Zealot x4  
  171  18:32  Observer  
  187  18:34  Disruptor (Chrono Boost)  
  187  18:37  Observer  
  190  18:43  Mothership (Chrono Boost)  
  190  18:55  Nexus  
  194  19:06  Pylon  
  176  19:10  Unknown  
  176  19:12  Tempest x2  
  180  19:37  Stalker x2  
  175  19:40  Pylon  
  175  19:45  Dark Templar x3  
  149  19:55  Tempest x2  
  144  20:02  Disruptor x2  
  145  20:10  Stalker x2  
  126  20:26  Stalker x4  
  134  20:30  Stalker  
  136  20:37  Zealot x2  
Show
View Real Time Build Order
Export as new Build Order

HellraiseR Protoss - Winner!

Build Orders:  

Get SALT Encoding   

  12  0:01  Probe  
  13  0:13  Probe  
  14  0:19  Pylon  
  14  0:25  Probe (Chrono Boost)  
  15  0:38  Gateway  
  15  0:39  Probe (Chrono Boost)  
  16  0:45  Probe (Chrono Boost)  
  16  0:47  Assimilator  
  17  0:53  Probe (Chrono Boost)  
  17  0:55  Assimilator  
  18  1:05  Probe (Chrono Boost)  
  19  1:11  Gateway  
  19  1:13  Probe (Chrono Boost)  
  20  1:19  Probe  
  20  1:25  Cybernetics Core  
  21  1:32  Probe  
  22  1:35  Pylon  
  22  1:44  Probe  
  23  1:56  Probe  
  24  2:01  Warp Gate, Adept x2  
  24  2:05  Pylon  
  28  2:11  Probe  
  29  2:31  Stalker x2  
  29  2:36  Twilight Council  
  33  2:43  Shield Battery  
  32  2:51  Probe  
  33  3:04  Stalker x2  
  37  3:26  Nexus  
  37  3:29  Probe  
  38  3:41  Probe  
  38  3:42  Pylon  
  39  4:00  Probe  
  40  4:03  Stalker x2  
  44  4:12  Probe  
  45  4:23  Pylon  
  45  4:28  Stalker  
  47  4:37  Probe  
  48  4:51  Stalker x2  
  50  4:56  Probe  
  50  4:57  Blink  
  49  5:02  Probe (Chrono Boost)  
  49  5:04  Forge  
  48  5:08  Probe (Chrono Boost)  
  48  5:14  Probe (Chrono Boost), Stalker  
  52  5:16  Stalker  
  52  5:20  Probe (Chrono Boost)  
  55  5:21  Probe (Chrono Boost)  
  55  5:26  Probe (Chrono Boost)  
  57  5:30  Probe (Chrono Boost)  
  57  5:31  Protoss Ground Weapons Level 1 (Chrono Boost)  
  58  5:36  Pylon  
  58  5:38  Sentry, Probe (Chrono Boost)  
  58  5:41  Probe (Chrono Boost)  
  62  5:43  Probe (Chrono Boost)  
  62  5:46  Probe (Chrono Boost)  
  64  5:54  Assimilator  
  64  5:55  Stalker  
  67  6:02  Stalker  
  68  6:08  Nexus  
  68  6:12  Probe x2  
  68  6:18  Robotics Facility  
  70  6:21  Stalker  
  70  6:24  Probe x2  
  74  6:33  Pylon  
  74  6:36  Probe  
  76  6:44  Pylon  
  76  6:49  Gateway x2  
  76  6:52  Gateway  
  76  6:53  Gateway, Probe  
  76  6:55  Probe  
  76  7:00  Charge  
  77  7:05  Observer, Probe  
  77  7:08  Photon Cannon  
  79  7:09  Probe  
  80  7:16  Gateway  
  80  7:18  Gateway  
  80  7:25  Protoss Ground Weapons Level 2 (Chrono Boost), Dark Shrine  
  80  7:26  Probe x2  
  82  7:31  Shield Battery  
  82  7:35  Probe  
  83  7:38  Probe x2  
  83  7:40  Warp Prism (Chrono Boost)  
  87  7:50  Zealot x2, Sentry  
  93  8:02  Pylon  
  93  8:05  Nexus  
  93  8:13  Zealot x4  
  101  8:23  Pylon, Probe x3  
  104  8:29  Pylon  
  104  8:35  Probe x2  
  106  8:46  Pylon  
  106  8:48  Pylon  
  106  8:51  Dark Templar x4  
  106  8:52  Zealot x2, Stalker  
  106  8:53  Zealot  
  122  9:00  Unknown  
  122  9:01  Probe x2  
  122  9:02  Photon Cannon, Probe  
  125  9:07  Photon Cannon  
  125  9:09  Protoss Ground Weapons Level 3 (Chrono Boost)  
  125  9:11  Shadow Stride  
  125  9:13  Probe  
  126  9:17  Probe  
  126  9:18  Probe  
  128  9:33  Gateway x2  
  128  9:34  Probe x3  
  131  9:44  Robotics Bay  
  131  9:46  Pylon  
  131  9:59  Stalker x6  
  134  10:00  Stalker x2  
  134  10:03  Assimilator  
  134  10:04  Assimilator, Probe x3  
  134  10:06  Probe  
  142  10:16  Probe x3  
  142  10:17  Nexus  
  142  10:18  Probe  
  142  10:19  Pylon  
  146  10:28  Photon Cannon  
  146  10:32  Shield Battery  
  146  10:33  Pylon  
  146  10:35  Disruptor (Chrono Boost)  
  146  10:39  Dark Templar x5  
  157  10:43  Photon Cannon  
  157  10:45  Dark Templar  
  157  10:47  Assimilator, Probe x3  
  150  11:03  Observer (Chrono Boost)  
  151  11:08  Zealot x4  
  159  11:15  Disruptor (Chrono Boost)  
  159  11:16  Stalker x4  
  159  11:17  Zealot x2  
  159  11:18  Gravitic Boosters (Chrono Boost)  
  174  11:33  Zealot x3  
  180  11:45  Probe  
  181  11:51  Zealot x7  
  181  11:53  Disruptor  
  151  12:30  Stalker x10  
  151  12:31  Protoss Shields Level 1 (Chrono Boost)  
  151  12:35  Probe x2  
  151  12:36  Photon Cannon  
  174  12:37  Shield Battery, Probe  
  174  12:42  Observer (Chrono Boost)  
  172  12:46  Photon Cannon x2  
  172  12:49  Pylon  
  172  12:51  Photon Cannon, Pylon  
  172  12:53  Shield Battery  
  172  12:54  Photon Cannon x2  
  172  12:55  Shield Battery, Observer (Chrono Boost)  
  172  12:57  Zealot  
  172  12:58  Pylon  
  165  13:09  Zealot x3  
  165  13:10  Zealot x6  
  165  13:12  Disruptor (Chrono Boost)  
  186  13:15  Gateway  
  186  13:16  Gateway, Probe  
  186  13:17  Probe x2  
  189  13:21  Photon Cannon  
  189  13:23  Photon Cannon  
  189  13:24  Photon Cannon  
  189  13:26  Shield Battery  
  189  13:27  Photon Cannon  
  189  13:28  Pylon, Photon Cannon  
  189  13:29  Pylon  
  189  13:30  Shield Battery  
  189  13:31  Pylon  
  180  13:34  Pylon  
  180  13:35  Robotics Facility  
  180  13:36  Observer (Chrono Boost)  
  181  13:44  Stalker x9  
  195  13:55  Disruptor (Chrono Boost)  
  194  14:23  Protoss Shields Level 2 (Chrono Boost)  
  194  14:24  Observer (Chrono Boost)  
  187  14:29  Disruptor (Chrono Boost)  
  190  14:37  Nexus  
  192  14:40  Disruptor (Chrono Boost), Pylon  
  191  14:56  Observer  
  192  15:02  Stalker x5  
  192  15:03  Stalker x6  
  200  15:13  Photon Cannon  
  200  15:16  Photon Cannon  
  200  15:18  Photon Cannon  
  200  15:19  Stalker  
  200  15:20  Photon Cannon  
  200  15:21  Shield Battery x2  
  192  15:25  Pylon  
  190  15:29  Stalker x5  
  198  15:41  Observer  
  196  15:51  Stalker x2  
  198  16:04  Assimilator, Unknown  
  198  16:06  Assimilator  
  187  16:20  Stalker x6  
  187  16:23  Disruptor (Chrono Boost)  
  187  16:25  Gateway  
  199  16:28  Gateway  
  199  16:29  Gateway  
  199  16:30  Gateway  
  199  16:34  Observer (Chrono Boost)  
  199  16:35  Pylon  
  199  16:37  Gateway  
  199  16:38  Gateway  
  200  16:42  Pylon  
  200  16:53  Nexus  
  200  16:54  Pylon  
  200  17:00  Protoss Shields Level 3  
  200  17:01  Pylon  
  192  17:25  Disruptor x2 (Chrono Boost)  
  198  17:47  Observer (Chrono Boost)  
  198  17:49  Observer (Chrono Boost)  
  198  18:03  Photon Cannon  
  198  18:04  Photon Cannon  
  198  18:05  Photon Cannon  
  198  18:06  Photon Cannon  
  198  18:07  Photon Cannon  
  198  18:08  Shield Battery  
  198  18:10  Observer, Pylon  
  199  18:13  Shield Battery, Pylon  
  199  18:15  Photon Cannon  
  199  18:17  Observer  
  199  18:19  Pylon  
  187  18:34  Gateway  
  187  18:35  Gateway  
  187  18:38  Gateway  
  187  18:39  Observer x2, Gateway  
  189  18:42  Pylon  
  189  19:08  Zealot x2  
  189  19:09  Zealot x3  
  196  19:11  Observer  
  193  19:38  Dark Templar  
  193  19:39  Dark Templar x2  
  193  19:43  Dark Templar x5  
  193  19:45  Zealot  
  195  19:55  Disruptor  
  195  19:58  Disruptor  
  183  20:03  Assimilator  
  183  20:04  Assimilator  
  183  20:05  Pylon  
  180  20:09  Stalker x6  
  166  20:43  Stalker x6  
  166  20:44  Stalker x8  

Tags
 
Add a new tag
Caveats
  • Supply blocks, unpowered buildings, or Contaminate may cause inaccurate times.
  • Supply counts are checked every 10 seconds.